 Dungeon Crawl Stone Soup version 0.30-a0-726-gd89dcf765f (webtiles) character file.

Game seed: 752596609004161770

5742 timneilson the Protected (level 10, -11/61 HPs)
             Began as a Gargoyle Fighter on Jan 29, 2023.
             Was a Believer of Okawaru.
             Mangled by Maggie
             ... wielding a +2 broad axe of draining
              (15 damage)
             ... on level 9 of the Dungeon.
             The game lasted 00:18:28 (9795 turns).

timneilson the Protected (Gargoyle Fighter)         Turns: 9795, Time: 00:18:28

Health: -11/61     AC: 27    Str: 30    XL:     10   Next: 77%
Magic:  12/12      EV:  7    Int:  9    God:    Okawaru [**....]
Gold:   525        SH: 10    Dex:  9    Spells: 9/9 levels left

rFire   + . .      SeeInvis +    a - +1 long sword (chaos)
rCold   . . .      Faith    .    v - +0 kite shield
rNeg    + . .      Spirit   .    y - +0 plate armour
rPois   ∞          Reflect  .    h - +1 helmet {SInv}
rElec   +          Harm     .    r - +0 cloak
rCorr   .          Rampage  .    d - +0 pair of gloves
Will    .....                    x - +0 pair of boots Stlth
                                 (no amulet)
HPRegen 0.30/turn                l - +6 ring of strength
MPRegen 0.13/turn                s - ring of protection from fire

@: no status effects
A: sickness immunity, AC +7, negative energy resistance 1, electricity
resistance, torment resistance 1, petrification resistance
a: Renounce Religion, Heroism


You were on level 9 of the Dungeon.
You worshipped Okawaru.
Okawaru was pleased with you.
You visited 2 branches of the dungeon, and saw 10 of its levels.

You collected 525 gold pieces.

Inventory:

Hand Weapons
 a - a +1 long sword of chaos (weapon)
 b - a +1 hand axe of flaming
Armour
 d - a +0 pair of gloves (worn)
 h - a +1 helmet of see invisible (worn)
 r - a +0 cloak (worn)
 v - a +0 kite shield (worn)
 x - a +0 pair of boots (worn)
 y - a +0 plate armour (worn)
Jewellery
 l - a +6 ring of strength (left hand)
 m - a ring of see invisible
 s - a ring of protection from fire (right hand)
 C - a +6 ring of dexterity
Wands
 p - a wand of charming (17)
 q - a wand of polymorph (6)
 D - a wand of flame (4)
 E - a wand of roots (4)
Scrolls
 c - 2 scrolls of identify
 f - a scroll of fog
 k - 2 scrolls of magic mapping
 u - 3 scrolls of teleportation
 w - a scroll of poison
 z - a scroll of blinking
Potions
 e - 2 potions of brilliance
 g - 2 potions of attraction
 i - 3 potions of lignification
 j - 4 potions of flight
 n - a potion of invisibility
 o - 4 potions of mutation
 t - 2 potions of haste
 A - a potion of resistance


   Skills:
 + Level 6.5 Fighting
 * Level 6.9 Long Blades
 * Level 8.8 Armour
 + Level 4.2 Dodging
 * Level 8.7 Shields
 + Level 3.1 Invocations
 + Level 4.2 Evocations


You had 9 spell levels left.
You didn't know any spells.
Your spell library contained the following spells:

 Spells                   Type           Power      Damage    Failure   Level
 Hailstorm                Conj/Ice       0%         3d3       100%        3
 Ignite Poison            Fire/Tmut/Pois 0%         N/A       100%        3
 Ice Form                 Ice/Tmut       0%         N/A       100%        4
 Petrify                  Tmut/Erth      0%         N/A       100%        4
 Sticky Flame             Conj/Fire      0%         2d3       100%        4
 Irradiate                Conj/Tmut      0%         3d11      100%        5
 Ignition                 Fire           0%         3d3       100%        8
 Summon Small Mammal      Summ           Unusable   N/A       N/A         1
 Sublimation of Blood     Necr           Unusable   N/A       N/A         2
 Call Canine Familiar     Summ           Unusable   N/A       N/A         3
 Summon Guardian Golem    Hex/Summ       Unusable   N/A       N/A         3
 Simulacrum               Ice/Necr       Unusable   N/A       N/A         6

Dungeon Overview and Level Annotations

Branches:
Dungeon (9/15)             Temple (1/1) D:6
   Lair: D:8-11         Orc: D:9-12

Altars:
Ashenzari
Cheibriados
Dithmenos
Elyvilon
Fedhas
Gozag
Hepliaklqana
Kikubaaqudgha
Makhleb
Nemelex Xobeh
Okawaru
Qazlal
Ru
Sif Muna
Trog
Vehumet
Wu Jian
Yredelemnul
Zin
The Shining One

Shops:
D:6 !

Annotations:
D:9 Maggie


Innate Abilities, Weirdness & Mutations

You are immune to sickness and miasma.
Your stone body is resilient. (AC +7)
You are immune to poison.
You resist negative energy. (rN+)
You are resistant to electric shocks. (rElec)
You are resistant to unholy torment.
You are immune to petrification.


Message History

You hit Maggie but do no damage.
Maggie is heavily wounded.
Maggie hits you with a +2 broad axe of draining.
You hit Maggie but do no damage.
Maggie seems to speed up.
Maggie is heavily wounded.
You feel like a meek peon again. You block Maggie's attack.
Maggie hits you with a +2 broad axe of draining!!
You closely miss Maggie.
Maggie is heavily wounded.
Maggie hits you but does no damage.
You hit Maggie.
Maggie is poisoned.
Maggie is heavily wounded.
Maggie hits you with a +2 broad axe of draining!!
You block Maggie's attack.
You slash Maggie!
Maggie seems to grow stronger.
Maggie is severely wounded.
Maggie barely misses you.
Maggie hits you with a +2 broad axe of draining.
You hit Maggie.
Maggie looks as sick as possible!
Maggie is severely wounded.
You block Maggie's attack. Maggie hits you but does no damage.
You barely miss Maggie.
Maggie is almost dead.
Maggie hits you but does no damage. You block Maggie's attack.
You hit Maggie.
Maggie is almost dead.
Maggie hits you with a +2 broad axe of draining!
* * * LOW HITPOINT WARNING * * *
You feel better.
Maggie hits you with a +2 broad axe of draining!!
* * * LOW HITPOINT WARNING * * *
Maggie barely misses you.
You hit Maggie but do no damage.
Maggie is almost dead.
You block Maggie's attack. x2
You hit Maggie.
Maggie resists with some effort.
Maggie is almost dead.
Maggie hits you with a +2 broad axe of draining!
You die...

# #...# #........#
#..... #######...#
#........# #.....
..........# #........#
#..### ..........#
#........# #..#
#######...####....?...#
#..# #...............#
#..# #...............#
#..# #..#####........#
#.. #..# #..@@....#
#..# #.......... #..
#.......... #..
#........## #..
#........# #........#
###### #........#
...... #........#
###### #...


You could see Maggie (berserk, fast, strong, very poisoned, drained).

Vanquished Creatures
  Grinder (D:4)
  A hornet (D:7)
  A wyvern (D:7)
  6 yaks
  A wraith (D:6)
  Grum (D:9)
  3 humans (D:7)
  A water moccasin (D:8)
  2 orc warriors (D:8)
  A black bear (D:8)
  A tengu (shapeshifter) (D:6)
  3 ogres
  3 wolves
  5 centaurs
  4 phantoms
  A bullfrog (D:7)
  5 scorpions
  A gnoll sergeant (D:5)
  A necrophage (D:5)
  3 wights (D:8)
  2 killer bees (D:8)
  A howler monkey (D:7)
  5 orc priests
  4 hounds
  A jelly (D:5)
  3 gnoll boudas
  3 iguanas
  9 orc wizards
  11 gnolls
  12 adders
  2 shadow imps
  2 white imps
  6 worms
  A dart slug (D:5)
  27 orcs
  4 ball pythons
  4 endoplasms
  5 giant cockroaches
  6 goblins
  10 hobgoblins
  4 kobolds
  5 quokkas
  4 bats
  4 frilled lizards
  13 rats
193 creatures vanquished.

Vanquished Creatures (collateral kills)
  A bullfrog (D:6)
  A killer bee (D:8)
2 creatures vanquished.

Grand Total: 195 creatures vanquished

Notes
Turn   | Place    | Note
-------+----------+-------------------------------------------
     0 | D:1      | timneilson the Gargoyle Fighter began the quest for the
                  | Orb.
     0 | D:1      | Reached XP level 1. HP: 14/14 MP: 1/1
    14 | D:1      | Found a faded altar of an unknown god.
   114 | D:1      | Reached XP level 2. HP: 19/19 MP: 2/2
   695 | D:2      | Reached XP level 3. HP: 22/23 MP: 3/3
   829 | D:2      | Reached XP level 4. HP: 27/28 MP: 4/4
  1673 | D:3      | Reached skill level 1 in Dodging
  1807 | D:3      | Reached XP level 5. HP: 33/33 MP: 5/5
  1930 | D:3      | Found a basalt altar of Yredelemnul.
  2006 | D:3      | Found a bloodstained altar of Trog.
  2517 | D:4      | Noticed Grinder
  2530 | D:4      | Killed Grinder
  2531 | D:4      | Reached skill level 1 in Evocations
  2531 | D:4      | Reached XP level 6. HP: 28/38 MP: 6/6
  2549 | D:4      | Reached skill level 5 in Armour
  2576 | D:4      | Reached XP level 7. HP: 11/43 MP: 7/7
  2586 | D:4      | Reached skill level 5 in Shields
  2733 | D:4      | Identified the +1 robe of Grace {Str+6}
  3389 | D:5      | Entered Level 5 of the Dungeon
  3729 | D:5      | Reached XP level 8. HP: 41/48 MP: 8/8
  4027 | D:5      | Identified the +9 short sword of the Soft God {heavy,
                  | Int+6}
  4525 | D:5      | Noticed a yak
  4632 | D:5      | Found a blossoming altar of Fedhas.
  5015 | D:5      | Reached skill level 5 in Fighting
  5242 | D:5      | Reached skill level 5 in Long Blades
  5259 | D:5      | Reached XP level 9. HP: 51/54 MP: 9/9
  5267 | D:6      | an orc warrior changed into a glowing shapeshifter
  5267 | D:6      | Noticed a glowing shapeshifter (glowing shapeshifter)
  5267 | D:6      | a glowing shapeshifter changed into a mana viper
  5267 | D:6      | Noticed a mana viper (glowing shapeshifter)
  5271 | D:6      | a mana viper changed into a two-headed ogre
  5271 | D:6      | Noticed a two-headed ogre (glowing shapeshifter)
  5272 | D:6      | Found a white marble altar of Elyvilon.
  5272 | D:6      | a two-headed ogre changed into a redback
  5273 | D:6      | a redback changed into a wind drake
  5273 | D:6      | Noticed a wind drake (glowing shapeshifter)
  5274 | D:6      | a wind drake changed into an unseen horror
  5274 | D:6      | Noticed an unseen horror (glowing shapeshifter)
  5275 | D:6      | an unseen horror changed into a black bear
  5283 | D:6      | a black bear changed into an entropy weaver
  5283 | D:6      | Noticed an entropy weaver (glowing shapeshifter)
  5284 | D:6      | an entropy weaver changed into a queen bee
  5284 | D:6      | Noticed a queen bee (glowing shapeshifter)
  5287 | D:6      | a queen bee changed into a hog
  6134 | D:6      | Found an opulent altar of Gozag.
  6366 | D:6      | Found a staircase to the Ecumenical Temple.
  6384 | Temple   | Entered the Ecumenical Temple
  6631 | D:6      | Found Figasun's Distillery.
  7121 | D:6      | Found an iron altar of Okawaru.
  7121 | D:6      | Found a snail-covered altar of Cheibriados.
  7121 | D:6      | Found a glowing silver altar of Zin.
  7131 | D:6      | Became a worshipper of Warmaster Okawaru
  7370 | D:7      | Found a shadowy altar of Dithmenos.
  7429 | D:7      | Identified the +10 dagger of Jimiq {heavy, *Corrode Will-
                  | Int+2 Dex+7}
  7434 | D:7      | Noticed a hornet
  7452 | D:7      | Killed a hornet
  7558 | D:7      | HP: 2/55 [orc priest/divine providence (17)]
  7749 | D:7      | Reached skill level 1 in Invocations
  7803 | D:7      | Reached * piety under Okawaru
  7822 | D:7      | Reached XP level 10. HP: 45/60 MP: 11/11
  8718 | D:8      | Reached ** piety under Okawaru
  9307 | D:9      | Noticed Grum
  9534 | D:9      | Killed Grum
  9770 | D:9      | Noticed Maggie
  9795 | D:9      | Mangled by Maggie

Illustrated notes

Levels and vault maps discovered:
D:1:      mrwooster_arrival_statue_3, layout_rooms,
          ebering_ecumenical_altar_mist, minmay_misc_feat_alley,
          minmay_rat_gold_closets
D:2:      layout_loops_corners, minivault_23
D:3:      layout_loops_cross, mainiacjoe_overflow_chevrons, trog_butcher_becter
D:4:      layout_loops_ring, minmay_misc_feat_cross, minmay_bent, uniq_grinder
D:5:      minmay_clustersquares, layout_loops_cross, old_standard_altar,
          grunt_decor_cap
D:6:      layout_loops_ring, mainiacjoe_overflow_tiny_flanked,
          grunt_gozag_statues, gammafunk_temple_overflow_forgotten,
          minmay_temple_entry_sparse_star, serial_shops, nicolae_lakefront_shop
D:7:      layout_loops_ring, nicolae_dithmenos_through_a_glass_darkly,
          minmay_ruffians
D:8:      layout_basic
D:9:      layout_long_grid, uniq_maggie, uniq_grum
Temple:   grunt_temple_mini_profane

Skill      XL: |  1  2  3  4  5  6  7  8  9 10 |
---------------+-------------------------------+-----
Long Blades    | 2 3 4 5 6 |  6.9
Armour         | 4 5 6 7 8 |  8.8
Shields        | 4 5 6 7 8 |  8.7
Dodging        | 1 2 3 4 |  4.2
Fighting       | 4 5 6 |  6.5
Evocations     | 1 2 3 4 |  4.2
Invocations    | 1 3 |  3.1

Action                     |  1- 3 |  4- 6 |  7- 9 | 10-12 || total
---------------------------+-------+-------+-------+-------++-------
  Melee: Long sword        |   144 |   200 |   614 |   340 ||  1298
 Invoke: Heroism           |       |       |       |     2 ||     2
    Use: Scroll            |     2 |     5 |     8 |     5 ||    20
         Potion            |       |     1 |     5 |     1 ||     7
   Stab: Confused          |       |       |     1 |     2 ||     3
         Petrified         |       |       |       |    16 ||    16
 Armour: Scale mail        |    87 |   118 |   186 |       ||   391
         Chain mail        |       |       |   123 |    30 ||   153
         Plate armour      |       |       |       |   184 ||   184
  Dodge: Dodged            |    77 |    86 |   258 |    97 ||   518
  Block: Buckler           |    40 |    48 |    77 |       ||   165
         Kite shield       |       |       |   142 |   209 ||   351

Table legend: (Time is in decaauts)
 A = Elapsed time spent in this place.
 B = Non-inter-level travel time spent in this place.
 C = Inter-level travel time spent in this place.
 D = Time resting spent in this place.
 E = Time spent auto-exploring this place.
 F = Levels seen in this place.
 G = Mean time per level.
                   A        B        C        D        E       F      G
               +--------+--------+--------+--------+--------+-----+--------+
         Total |  10149 |   9437 |    712 |    315 |   6261 |  10 | 1014.9 |
       Dungeon |   9936 |   9261 |    675 |    315 |   6091 |   9 | 1104.0 |
        Temple |    212 |    175 |     37 |      0 |    170 |   1 |  212.0 |
               +--------+--------+--------+--------+--------+-----+--------+

Top non-repeatable levels by time:
     D:5: 2274 daAuts
     D:4: 1248 daAuts
     D:8: 1208 daAuts
     D:6: 1196 daAuts
     D:7: 1105 daAuts
     D:3: 990 daAuts
     D:2: 965 daAuts
     D:1: 603 daAuts
     D:9: 343 daAuts
  Temple: 212 daAuts
